Map: [ESL] Goldenaura

Players

RedpackCuKu (CuKu)

  • Race: Terran Terran
  • League: Grandmaster
  • Spawn Location: 5:00

PtitDrogo - Winner!

  • Race: Protoss Protoss
  • Spawn Location: 12:00

Event: HomeStory Cup XXIV

VOD

Have the link to the VOD?

Description

Time

  • Played on: Dec. 1, 2023, 2:49 p.m.
  • Length: 9:51

All games in this series

Show
View Real Time Build Order
Export as new Build Order

RedpackCuKu Terran 

Build Orders: Banshee Rush 

Get SALT Encoding   

  12  0:00  SCV  
  13  0:12  SCV  
  14  0:17  Supply Depot  
  14  0:24  SCV  
  15  0:39  SCV  
  15  0:41  Barracks  
  16  0:45  Refinery  
  16  0:51  SCV  
  16  0:56  Refinery  
  17  1:03  SCV  
  18  1:15  SCV  
  19  1:22  Supply Depot  
  19  1:28  Reaper  
  19  1:29  Orbital Command  
  20  1:47  Factory  
  20  1:55  SCV  
  20  2:00  Barracks Reactor  
  21  2:08  SCV  
  22  2:19  Command Center  
  22  2:22  SCV  
  23  2:35  SCV  
  24  2:40  Supply Depot  
  24  2:43  Hellion  
  24  2:44  Hellion  
  28  2:49  SCV  
  29  2:54  Starport  
  28  3:01  SCV  
  29  3:06  Hellion  
  29  3:08  Hellion  
  29  3:11  Barracks Tech Lab  
  33  3:17  SCV  
  34  3:29  SCV  
  35  3:38  Cloaking Field  
  35  3:39  Factory Tech Lab, Banshee, Marine  
  39  3:46  Marine  
  39  3:47  SCV  
  41  3:57  Marine  
  41  3:59  SCV  
  40  4:04  Marine, Siege Tank  
  39  4:10  Orbital Command  
  39  4:13  SCV  
  39  4:15  Marine  
  40  4:21  Banshee  
  40  4:22  Marine  
  44  4:25  SCV  
  44  4:29  Barracks  
  45  4:33  Marine  
  45  4:36  SCV  
  45  4:37  SCV  
  48  4:40  Siege Tank  
  51  4:48  SCV  
  51  4:49  SCV, Supply Depot  
  51  4:50  Marine  
  54  4:57  Supply Depot  
  54  5:09  Engineering Bay  
  54  5:10  Marine x2  
  54  5:11  SCV  
  57  5:15  Barracks, SCV  
  57  5:18  Refinery  
  58  5:21  Siege Tank  
  58  5:23  SCV  
  58  5:27  SCV  
  58  5:28  Marine x2  
  63  5:31  Stimpack  
  65  5:35  SCV  
  65  5:36  Terran Infantry Weapons Level 1  
  65  5:39  SCV  
  65  5:41  Supply Depot  
  67  5:47  Supply Depot  
  67  5:48  SCV  
  67  5:49  Marine  
  69  5:51  Marine  
  69  5:52  SCV  
  71  6:00  SCV  
  71  6:03  Factory Reactor  
  72  6:08  Combat Shield, Marine  
  72  6:09  Marine x2  
  73  6:14  Marine  
  73  6:15  Starport Reactor  
  73  6:18  SCV  
  71  6:25  SCV  
  72  6:26  Marine  
  72  6:28  Command Center  
  72  6:29  Marine x2  
  75  6:33  Marine  
  76  6:41  Widow Mine x2  
  76  6:46  Marauder  
  82  6:49  Marine x2  
  82  6:51  Marauder, SCV  
  82  6:53  Medivac x2  
  91  6:56  Supply Depot  
  91  6:58  Supply Depot  
  91  7:04  Widow Mine, Supply Depot  
  93  7:12  SCV  
  94  7:18  Supply Depot, Concussive Shells, Marauder x2, Widow Mine  
  100  7:27  Marine x2  
  102  7:34  Barracks  
  102  7:35  Barracks, Terran Infantry Armor Level 1  
  102  7:41  Orbital Command  
  102  7:44  Medivac  
  102  7:47  Marauder  
  102  7:50  Medivac  
  108  7:55  Marauder  
  110  8:06  Orbital Command  
  110  8:08  Marauder, SCV  
  113  8:12  Marine  
  113  8:13  Marine  
  113  8:16  Marauder  
  117  8:20  SCV  
  117  8:22  Refinery  
  117  8:24  Ghost Academy  
  119  8:27  SCV  
  119  8:29  Marauder  
  119  8:31  Barracks Tech Lab, Barracks Reactor  
  119  8:34  Armory, SCV  
  122  8:36  Supply Depot  
  122  8:37  Marauder  
  122  8:40  SCV  
  125  8:45  Marine x2  
  125  8:47  SCV  
  128  8:50  SCV  
  128  8:51  Marauder  
  128  8:52  SCV  
  132  8:56  Marauder  
  132  9:00  Supply Depot x2  
  132  9:01  Marauder  
  136  9:02  Viking  
  136  9:09  SCV  
  139  9:12  Marauder  
  139  9:13  Armory, Refinery, Engineering Bay  
  139  9:14  Refinery  
  139  9:15  Marine x2  
  147  9:30  SCV  
Show
View Real Time Build Order
Export as new Build Order

PtitDrogo Protoss - Winner!

Build Orders: 1 Gate Expand, Blink Stalkers, Colossus Rush 

Get SALT Encoding   

  12  0:00  Probe  
  13  0:12  Probe  
  14  0:17  Pylon  
  14  0:24  Probe  
  15  0:35  Gateway  
  15  0:36  Probe (Chrono Boost)  
  16  0:45  Probe (Chrono Boost)  
  16  0:46  Assimilator  
  17  0:51  Probe (Chrono Boost)  
  18  1:03  Probe  
  19  1:15  Probe  
  20  1:22  Cybernetics Core  
  20  1:32  Nexus  
  20  1:38  Pylon  
  20  1:41  Probe  
  21  1:49  Assimilator  
  21  1:53  Probe  
  22  1:55  Adept (Chrono Boost)  
  22  1:59  Warp Gate  
  24  2:05  Probe  
  25  2:15  Stalker (Chrono Boost)  
  25  2:17  Probe  
  28  2:29  Probe  
  29  2:32  Twilight Council  
  29  2:40  Stalker  
  29  2:43  Probe  
  29  2:44  Probe  
  33  2:56  Probe (Chrono Boost)  
  33  2:57  Probe (Chrono Boost)  
  35  3:00  Gateway  
  35  3:08  Probe (Chrono Boost)  
  37  3:13  Robotics Facility, Probe (Chrono Boost)  
  37  3:15  Probe (Chrono Boost)  
  39  3:20  Probe (Chrono Boost)  
  39  3:21  Pylon  
  39  3:22  Probe (Chrono Boost)  
  40  3:27  Blink  
  41  3:36  Probe (Chrono Boost)  
  41  3:37  Pylon  
  41  3:38  Probe (Chrono Boost)  
  42  3:42  Probe (Chrono Boost)  
  42  3:45  Probe (Chrono Boost)  
  42  3:47  Stalker  
  46  3:55  Stalker  
  48  3:57  Probe  
  47  4:10  Probe x2 (Chrono Boost)  
  47  4:13  Nexus  
  47  4:20  Probe (Chrono Boost)  
  47  4:21  Observer (Chrono Boost)  
  47  4:22  Probe (Chrono Boost)  
  47  4:23  Pylon  
  50  4:25  Probe (Chrono Boost)  
  50  4:31  Probe  
  52  4:33  Observer (Chrono Boost)  
  52  4:36  Probe  
  52  4:37  Assimilator  
  54  4:38  Assimilator  
  54  4:41  Robotics Bay  
  54  4:42  Forge  
  54  4:48  Probe  
  54  4:49  Pylon  
  54  4:51  Probe (Chrono Boost)  
  56  5:00  Probe (Chrono Boost)  
  58  5:08  Probe (Chrono Boost)  
  58  5:09  Probe (Chrono Boost)  
  58  5:11  Gateway x2  
  58  5:13  Protoss Ground Weapons Level 1 (Chrono Boost)  
  59  5:14  Probe x2 (Chrono Boost)  
  60  5:22  Shield Battery  
  60  5:26  Colossus (Chrono Boost), Probe x2  
  62  5:28  Charge  
  62  5:34  Probe  
  69  5:38  Gateway  
  69  5:40  Gateway  
  69  5:43  Extended Thermal Lance  
  69  5:46  Probe x2  
  71  5:50  Probe  
  72  5:58  Probe  
  72  5:59  Probe  
  72  6:02  Probe  
  72  6:03  Stalker x2  
  72  6:11  Colossus (Chrono Boost)  
  72  6:12  Probe (Chrono Boost)  
  72  6:13  Probe (Chrono Boost)  
  80  6:18  Probe (Chrono Boost)  
  80  6:23  Sentry  
  83  6:27  Probe x2 (Chrono Boost)  
  83  6:29  Probe (Chrono Boost)  
  85  6:34  Probe  
  85  6:35  Nexus  
  85  6:36  Pylon  
  86  6:40  Probe  
  86  6:41  Probe  
  86  6:46  Probe  
  89  6:50  Colossus (Chrono Boost)  
  89  6:53  Gateway x2  
  95  6:55  Probe  
  95  6:56  Probe  
  95  6:59  Zealot x2  
  101  7:03  Templar Archives  
  101  7:06  Protoss Ground Weapons Level 2 (Chrono Boost)  
  101  7:07  Pylon  
  101  7:09  Pylon  
  101  7:15  Pylon  
  101  7:19  Shield Battery  
  101  7:25  Probe x3  
  104  7:31  Zealot x6  
  104  7:35  Immortal (Chrono Boost)  
  116  7:37  Probe  
  121  7:44  Pylon  
  121  7:45  Pylon  
  121  7:48  Gateway  
  121  7:49  Gateway  
  121  7:53  Probe (Chrono Boost)  
  121  7:57  Probe (Chrono Boost)  
  121  7:58  Probe x2 (Chrono Boost)  
  125  8:04  Probe (Chrono Boost)  
  124  8:06  Stalker  
  124  8:07  Stalker x4  
  134  8:13  Probe  
  134  8:14  Immortal (Chrono Boost)  
  139  8:20  Zealot x3  
  139  8:26  Probe  
  146  8:28  Pylon  
  146  8:29  Pylon  
  146  8:31  High Templar  
  146  8:32  High Templar  
  150  8:34  Probe  
  150  8:36  Archon  
  151  8:42  Warp Prism (Chrono Boost)  
  151  8:46  Zealot x5  
  163  8:51  High Templar x2  
  163  8:52  Zealot  
  163  8:55  Archon  
  169  9:06  Pylon, Photon Cannon  
  169  9:07  Pylon, Assimilator  
  169  9:09  Assimilator  
  169  9:18  Pylon  
  169  9:20  Pylon  
  169  9:22  Forge  
  167  9:30  High Templar x2  
  167  9:31  Zealot x7  
  175  9:32  Zealot  
  175  9:35  Archon  
  167  9:51  Zealot x3  
Tags
 
Add a new tag
Caveats
  • Supply blocks, unpowered buildings, or Contaminate may cause inaccurate times.
  • Supply counts are checked every 10 seconds.